Map: Emerald City LE

Players

etilamie

  • Race: Terran Terran
  • Spawn Location: 11:00

Jonas

  • Race: Protoss Protoss
  • Spawn Location: 11:00

Massa - Winner!

  • Race: Terran Terran
  • League: Platinum
  • Spawn Location: 5:00

qqq - Winner!

  • Race: Zerg Zerg
  • Spawn Location: 5:00

VOD

Have the link to the VOD?

Description

Time

  • Played on: Nov. 8, 2020, 9:25 a.m.
  • Length: 17:57
Show
View Real Time Build Order
Export as new Build Order

etilamie Terran 

Build Orders:  

Get SALT Encoding   

  12  0:02  SCV  
  13  0:14  SCV  
  14  0:26  SCV  
  15  0:30  Refinery  
  15  0:41  Supply Depot  
  15  0:49  Supply Depot  
  15  0:57  Refinery  
  15  1:03  SCV  
  16  1:15  SCV  
  17  1:27  SCV  
  17  1:30  Supply Depot  
  18  1:39  Barracks  
  18  1:42  SCV  
  19  1:52  Barracks  
  19  1:54  SCV  
  19  1:57  Engineering Bay  
  20  2:02  Supply Depot  
  20  2:06  SCV  
  21  2:27  SCV  
  22  2:34  Missile Turret  
  22  2:39  SCV  
  23  2:46  Factory  
  23  2:52  SCV  
  23  2:56  Marine  
  24  2:59  Marine  
  25  3:14  Marine  
  25  3:17  Marine  
  27  3:22  SCV  
  28  3:32  Reaper  
  29  3:34  SCV, Marine  
  31  3:44  Factory  
  31  3:46  SCV  
  32  3:50  Supply Depot  
  32  3:52  Reaper  
  32  3:54  Supply Depot  
  33  3:58  SCV, Supply Depot  
  34  4:02  Supply Depot  
  34  4:10  SCV  
  35  4:17  Armory  
  35  4:25  Reaper  
  36  4:36  Supply Depot  
  36  4:57  Reaper  
  37  5:00  Command Center  
  37  5:23  Barracks Reactor  
  36  5:39  SCV  
  37  5:42  Marine  
  37  5:49  Widow Mine  
  40  5:51  SCV  
  40  5:54  Widow Mine  
  43  6:00  Marine  
  44  6:06  Supply Depot  
  44  6:10  Supply Depot  
  44  6:11  Widow Mine  
  46  6:13  SCV  
  46  6:15  Widow Mine  
  46  6:18  Marine  
  49  6:25  SCV  
  51  6:32  Widow Mine  
  53  6:33  SCV  
  53  6:36  Marine  
  53  6:37  Widow Mine, SCV  
  58  6:45  SCV  
  58  6:46  Starport  
  59  6:48  Starport  
  59  6:50  Terran Vehicle Weapons Level 1  
  59  6:54  Marine  
  59  6:57  SCV  
  59  6:58  Widow Mine  
  63  7:08  SCV  
  64  7:09  SCV  
  64  7:15  Refinery  
  65  7:19  Widow Mine  
  65  7:20  SCV  
  65  7:21  SCV  
  69  7:28  Refinery  
  69  7:33  SCV  
  70  8:52  Command Center  
  70  8:53  Missile Turret  
  69  8:57  Starport Tech Lab  
  69  8:58  Starport Tech Lab  
  69  8:59  Starport  
  69  9:21  Barracks Reactor  
  69  9:30  Fusion Core  
  69  9:32  Fusion Core  
  60  10:34  Battlecruiser  
  66  10:37  Battlecruiser  
  66  10:39  Marine x2  
  74  10:43  Weapon Refit  
  74  10:56  Marine, Supply Depot  
  75  10:57  Supply Depot  
  75  11:03  Marine  
  76  11:05  Starport Tech Lab  
  76  11:07  Widow Mine  
  76  11:10  Widow Mine  
  80  11:14  Marine  
  81  11:21  Marine  
  82  11:29  Widow Mine  
  82  11:32  Widow Mine, Marine  
  85  11:39  Marine  
  86  11:50  Widow Mine, Marine  
  86  11:53  Widow Mine  
  91  11:57  Marine  
  92  12:03  Command Center  
  92  12:07  Refinery  
  92  12:12  Widow Mine, Refinery  
  92  12:14  Widow Mine  
  96  12:16  Supply Depot  
  96  12:25  Marine x3, Supply Depot  
  96  12:26  Marine  
  100  12:42  Terran Vehicle Weapons Level 2  
  100  13:19  Barracks  
  100  13:27  Ghost Academy  
  100  13:28  Ghost Academy  
  100  13:33  SCV  
  101  13:45  SCV  
  102  13:52  Supply Depot  
  102  13:57  SCV  
  102  13:59  Raven  
  102  14:00  Raven  
  107  14:03  Battlecruiser  
  107  14:06  Marine x2  
  116  14:10  SCV  
  116  14:21  Widow Mine x2  
  116  14:22  SCV  
  116  14:23  Marine x2  
  123  14:26  Marine x2  
  125  14:41  Marine x2  
  125  14:42  Widow Mine x2  
  125  14:44  Marine x2  
  133  14:59  Marine x2  
  135  15:01  Marine  
  135  15:02  Marine, Battlecruiser  
  135  15:03  Battlecruiser  
  135  15:04  Widow Mine x2  
  135  15:06  Terran Ship Weapons Level 1  
  153  15:19  Marine x2  
  144  15:25  Widow Mine x2  
  71  15:58  Battlecruiser  
  71  16:03  Marine x4  
  76  16:06  Battlecruiser  
  76  16:07  Battlecruiser  
  70  16:20  Marine  
  70  16:21  Marine  
  65  16:35  Marine x2  
  65  16:38  Marine  
  65  16:39  Marine  
  53  16:52  Marine  
  53  16:53  Marine  
  49  16:56  Marine  
  45  17:02  Marine  
  47  17:11  Marine  
Show
View Real Time Build Order
Export as new Build Order

Jonas Protoss 

Build Orders: Zealot Archon 

Get SALT Encoding   

  12  0:00  Probe  
  13  0:12  Probe  
  14  0:24  Probe  
  14  0:25  Pylon  
  15  0:43  Probe  
  16  0:50  Gateway  
  16  0:55  Probe  
  17  1:01  Gateway  
  17  1:06  Assimilator  
  17  1:07  Probe  
  18  1:19  Probe  
  19  1:31  Probe  
  20  1:43  Probe  
  20  1:45  Cybernetics Core  
  21  1:50  Assimilator  
  21  1:56  Probe  
  22  2:10  Probe (Chrono Boost)  
  23  2:20  Pylon  
  23  2:21  Probe (Chrono Boost)  
  23  2:36  Pylon  
  23  2:38  Probe  
  23  2:40  Warp Gate (Chrono Boost)  
  23  2:41  Stalker x2  
  28  2:58  Nexus  
  28  3:27  Pylon  
  28  3:29  Stalker x2  
  32  3:34  Probe  
  33  3:43  Pylon  
  33  3:46  Probe  
  33  3:47  Robotics Facility  
  34  3:50  Twilight Council  
  34  3:59  Probe, Assimilator  
  35  4:11  Shield Battery x2  
  35  4:29  Templar Archives  
  35  4:37  Probe  
  36  4:49  Probe, Observer  
  38  5:00  Pylon  
  38  5:02  Probe  
  38  5:03  Pylon  
  39  5:07  Zealot x2  
  43  5:39  Gateway  
  43  5:40  Gateway  
  43  5:49  Forge  
  43  5:50  Zealot x2  
  43  5:51  Forge  
  43  5:54  Pylon  
  47  5:57  Charge, Pylon  
  47  6:13  Assimilator  
  47  6:14  Probe  
  47  6:17  Probe  
  49  6:27  Probe, High Templar  
  49  6:28  High Templar  
  49  6:30  Probe  
  49  6:32  Archon  
  55  6:39  Probe, Photon Cannon  
  56  6:41  Photon Cannon  
  56  6:50  Zealot x2  
  56  6:51  Probe  
  61  7:04  Protoss Ground Weapons Level 1 (Chrono Boost), Pylon  
  61  7:06  Protoss Ground Armor Level 1 (Chrono Boost)  
  61  7:19  Probe  
  62  7:26  High Templar x2  
  62  7:27  High Templar x2  
  70  7:31  Probe  
  70  7:35  Pylon  
  71  7:40  Pylon  
  71  7:41  Archon x2  
  71  7:43  Probe  
  72  7:57  Immortal  
  76  8:34  Zealot x2  
  76  8:35  Zealot x2  
  76  8:36  Immortal  
  86  9:15  Warp Prism  
  86  9:29  Zealot x2  
  86  9:30  Zealot  
  86  9:31  High Templar  
  94  9:52  High Templar  
  96  9:53  Zealot  
  98  10:08  Archon  
  86  10:53  Photon Cannon  
  86  10:54  Photon Cannon  
  86  10:58  Pylon  
  86  11:00  Probe  
  87  11:09  High Templar  
  87  11:10  High Templar x3  
  95  11:12  Probe  
  95  11:15  Archon x2  
  96  11:21  Immortal  
  96  11:24  Probe (Chrono Boost), Protoss Ground Weapons Level 2 (Chrono Boost)  
  101  11:35  Probe (Chrono Boost), Protoss Ground Armor Level 2 (Chrono Boost)  
  102  11:40  Probe (Chrono Boost)  
  103  12:01  Stalker x2  
  103  12:02  Stalker x2  
  103  12:07  Immortal  
  115  12:14  Probe  
  116  12:30  Zealot x2  
  116  12:31  Zealot x2  
  124  12:49  Stargate  
  124  12:51  Stargate  
  76  14:15  Zealot x3  
  76  14:16  Zealot  
  45  14:32  Gateway  
  45  14:33  Gateway  
  45  14:38  Stalker x3  
  49  14:39  Stalker  
  53  14:47  Observer  
  54  15:04  High Templar  
  54  15:05  High Templar x3  
  62  15:09  Archon  
  48  15:33  Psionic Storm  
  38  15:38  Zealot  
  38  15:39  Zealot  
  41  15:51  Zealot  
  41  15:52  Zealot x3  
  32  16:15  Zealot  
  32  16:16  Zealot x2  
  32  16:17  Zealot x3  
  40  16:27  Void Ray x2  
  32  16:38  Zealot x4  
  32  16:39  Zealot x2  
  22  17:10  Stalker x2  
  22  17:11  Stalker x2  
  22  17:12  Stalker x2  
Show
View Real Time Build Order
Export as new Build Order

Massa Terran - Winner!

Build Orders:  

Get SALT Encoding   

  12  0:00  SCV  
  13  0:12  SCV  
  14  0:23  Supply Depot  
  14  0:25  SCV  
  15  0:38  Refinery  
  15  0:44  SCV  
  15  0:47  Barracks  
  16  0:56  SCV  
  17  1:08  SCV  
  18  1:20  SCV  
  19  1:33  SCV  
  19  1:37  Reaper  
  19  1:38  Supply Depot  
  21  1:45  Orbital Command  
  21  1:57  Command Center  
  21  2:08  Factory  
  21  2:11  SCV  
  22  2:26  SCV  
  23  2:31  Marine  
  24  2:38  SCV  
  25  2:46  Supply Depot  
  25  2:57  Marine  
  26  3:19  Orbital Command  
  26  3:21  SCV  
  27  3:28  Supply Depot  
  27  3:32  Barracks, Marine  
  27  3:33  SCV  
  29  3:39  Hellion  
  31  3:44  SCV  
  31  3:45  SCV  
  33  3:50  Marine  
  33  3:51  Barracks  
  33  3:54  Barracks  
  34  4:00  Barracks  
  34  4:01  Hellion  
  36  4:04  Supply Depot  
  36  4:07  SCV x2  
  38  4:19  Barracks Tech Lab, SCV x2  
  38  4:22  Widow Mine  
  42  4:26  Refinery, Supply Depot  
  42  4:27  Engineering Bay  
  42  4:31  SCV x2  
  44  4:33  Marine  
  44  4:37  Stimpack  
  45  4:43  Widow Mine, SCV  
  48  4:46  Barracks Reactor  
  48  4:47  Barracks Tech Lab  
  48  4:49  Marauder  
  48  4:51  Marine  
  51  4:54  Marine  
  51  4:59  Missile Turret  
  52  5:02  Starport  
  52  5:05  Widow Mine  
  54  5:07  SCV x2  
  54  5:09  Marine  
  54  5:10  Marauder  
  54  5:12  Marine  
  60  5:19  SCV x2  
  60  5:21  Marauder  
  64  5:22  Marine  
  64  5:23  Marine  
  64  5:26  Widow Mine  
  64  5:27  Marine  
  69  5:30  Marine  
  69  5:31  Combat Shield  
  69  5:32  Marauder  
  72  5:38  Refinery  
  72  5:40  Marine  
  72  5:41  Refinery  
  72  5:42  Marauder  
  75  6:15  Marauder, Marine  
  78  6:23  Supply Depot  
  78  6:24  Supply Depot x2  
  78  6:30  Command Center, Supply Depot  
  78  6:45  Marauder x2, Marine x3  
  78  6:46  Supply Depot  
  86  6:47  Supply Depot  
  86  6:49  Supply Depot  
  85  7:06  Marauder x2  
  85  7:07  Starport Reactor  
  89  7:10  Marine x3  
  89  7:11  Barracks Tech Lab  
  89  7:13  Widow Mine  
  94  7:17  SCV x2  
  96  7:28  Marauder x2, Marine x3  
  96  7:29  SCV x2  
  105  7:34  Widow Mine  
  107  7:41  SCV  
  108  7:46  Marine  
  108  7:49  Marauder x2  
  113  8:11  Marauder x2  
  117  8:19  Factory Tech Lab  
  117  8:36  Medivac x2  
  121  8:45  Supply Depot  
  121  8:46  Supply Depot x3  
  121  8:51  Ghost Academy  
  121  8:54  Ghost Academy  
  121  8:56  Orbital Command  
  121  8:58  SCV x2  
  121  9:00  Barracks Tech Lab  
  121  9:05  Refinery  
  121  9:06  Refinery, Medivac x2  
  121  9:08  Siege Tank  
  128  9:10  SCV, Marine  
  128  9:11  Marine x3, Supply Depot  
  128  9:12  Marauder, Supply Depot  
  133  9:31  Command Center  
  133  9:36  Medivac x2  
  137  9:40  Siege Tank  
  140  9:47  Marauder x2  
  140  9:48  Marauder  
  146  10:06  Medivac x2  
  150  10:12  Siege Tank  
  142  10:40  SCV x3  
  145  10:44  Planetary Fortress  
  145  10:47  Refinery  
  145  10:48  Terran Infantry Weapons Level 1  
  145  10:52  Ghost x4, Engineering Bay, SCV x3  
  145  10:54  Marine x2  
  158  10:58  Enhanced Shockwaves  
  158  11:04  SCV x3  
  158  11:08  Armory  
  161  11:12  Marine x2  
  161  11:14  Personal Cloaking  
  163  11:20  Ghost  
  163  11:21  Marine x2, Ghost  
  169  11:30  Marine x2  
  171  11:33  SCV  
  171  11:34  Refinery, SCV x3  
  171  11:39  Marine x2  
  175  12:02  Terran Infantry Armor Level 1  
  175  12:04  Terran Vehicle And Ship Armor Level 1  
  175  12:05  Siege Tank  
  178  12:16  Nuke  
  178  12:29  Sensor Tower  
  178  12:30  Factory  
  178  12:35  Factory  
  178  12:37  Siege Tank  
  178  12:40  Nuke  
  181  12:52  Missile Turret  
  181  12:56  Terran Infantry Weapons Level 2  
  181  12:59  Concussive Shells  
  181  13:00  Medivac  
  183  13:09  Siege Tank  
  186  13:12  Missile Turret  
  184  13:41  Siege Tank  
  187  13:58  Terran Vehicle Weapons Level 1  
  174  14:13  Siege Tank  
  172  14:36  Factory Tech Lab x2  
  172  14:41  Terran Infantry Armor Level 2  
  172  14:45  Siege Tank  
  174  15:18  Siege Tank  
  174  15:20  Command Center  
  161  15:42  Nuke x2  
  138  15:50  Siege Tank  
  123  16:22  Siege Tank  
  117  17:16  Marauder x4, Marine  
  117  17:17  Marine  
  122  17:34  Marine  
  122  17:35  Marine  
  122  17:37  Marine x2  
Show
View Real Time Build Order
Export as new Build Order

qqq Zerg - Winner!

Build Orders: Hatch First, Lurkers 

Get SALT Encoding   

  12  0:04  Drone  
  13  0:08  Drone  
  14  0:41  Hatchery  
  14  0:42  Drone  
  14  0:58  Spawning Pool  
  13  1:06  Overlord  
  13  1:11  Drone  
  14  1:18  Extractor  
  13  1:27  Drone x2  
  15  1:35  Drone  
  16  1:42  Drone  
  17  1:51  Drone  
  17  1:53  Queen  
  20  2:01  Queen  
  22  2:05  Drone  
  23  2:10  Drone  
  23  2:14  Drone  
  25  2:17  Drone  
  26  2:24  Overlord  
  26  2:28  Drone  
  27  2:33  Zergling x2  
  28  2:37  Metabolic Boost  
  28  2:43  Drone  
  29  2:47  Zergling x2  
  29  2:49  Overlord  
  30  2:52  Drone  
  30  2:58  Zergling x2  
  32  3:01  Drone  
  33  3:09  Zergling x2  
  33  3:10  Zergling x4  
  36  3:13  Lair  
  36  3:20  Zergling x2  
  36  3:21  Drone x2  
  39  3:30  Drone  
  39  3:31  Roach Warren  
  39  3:32  Drone  
  40  3:41  Zergling x2, Overlord  
  41  3:50  Zergling x6  
  41  3:52  Overlord  
  44  4:00  Drone x3  
  44  4:02  Overlord  
  47  4:12  Roach  
  47  4:15  Glial Reconstitution  
  49  4:17  Drone  
  49  4:18  Drone x3  
  49  4:20  Roach  
  49  4:23  Roach  
  57  4:25  Roach  
  57  4:27  Drone  
  60  4:41  Drone x2  
  60  4:43  Roach x2  
  66  4:49  Drone, Evolution Chamber  
  66  4:50  Drone x2  
  68  4:55  Extractor  
  67  5:04  Drone  
  67  5:05  Overlord  
  67  5:17  Hatchery  
  67  5:21  Overlord  
  66  5:22  Overlord x3  
  66  5:25  Hatchery  
  65  5:40  Hydralisk Den  
  65  5:42  Overlord  
  64  5:43  Drone, Roach  
  64  5:44  Drone  
  64  5:46  Extractor  
  64  5:47  Extractor  
  66  5:55  Drone  
  67  6:08  Drone  
  67  6:09  Roach x2  
  67  6:10  Roach  
  73  6:18  Drone  
  74  6:28  Zerg Missile Weapons Level 1  
  74  6:29  Drone x3  
  74  6:32  Lurker Den  
  76  6:39  Spore Crawler  
  75  6:40  Spore Crawler  
  75  6:43  Spore Crawler  
  75  6:44  Drone x3, Spore Crawler  
  75  6:46  Muscular Augments  
  75  6:49  Drone x4  
  75  6:50  Drone x5  
  75  6:52  Evolution Chamber  
  83  6:56  Roach x2  
  87  7:02  Queen  
  87  7:05  Drone x3  
  92  7:12  Queen  
  92  7:13  Drone x2  
  96  7:22  Extractor  
  95  7:23  Drone x2  
  95  7:25  Extractor  
  96  7:32  Drone  
  96  7:35  Hydralisk x6  
  109  7:38  Drone  
  110  7:59  Drone x4  
  110  8:00  Hydralisk x3  
  110  8:03  Lurker x3  
  110  8:04  Lurker x2  
  125  8:06  Drone x2  
  127  8:19  Infestation Pit  
  126  8:20  Zerg Melee Weapons Level 1  
  126  8:26  Zerg Ground Armor Level 1  
  126  8:29  Drone x2  
  128  8:35  Overlord x4  
  128  8:53  Hydralisk, Overlord  
  128  8:54  Spire, Overlord  
  128  8:55  Hatchery, Drone x5  
  133  8:56  Drone  
  133  8:57  Drone  
  133  9:00  Extractor  
  133  9:01  Extractor  
  133  9:10  Hatchery, Lurker x4  
  137  9:22  Drone x2  
  137  9:23  Drone x5  
  142  9:48  Drone x3  
  142  9:49  Drone  
  144  10:04  Drone x3  
  144  10:05  Drone  
  143  10:09  Hive  
  143  10:12  Hydralisk, Grooved Spines  
  143  10:13  Hydralisk x7, Zerg Missile Weapons Level 2  
  143  10:14  Hydralisk  
  157  10:15  Drone x2  
  163  10:21  Zerg Melee Weapons Level 2  
  163  10:26  Drone x2  
  163  10:27  Drone, Queen  
  168  10:39  Drone  
  168  10:42  Spine Crawler  
  168  10:44  Drone, Spine Crawler  
  168  10:45  Spine Crawler x2  
  166  10:54  Tunneling Claws  
  166  10:56  Drone x6  
  166  10:57  Drone  
  173  11:02  Overlord  
  173  11:03  Overlord x5  
  173  11:07  Lurker  
  174  11:25  Hatchery  
  173  11:28  Drone x2  
  173  11:30  Spine Crawler  
  173  11:31  Spine Crawler  
  173  11:32  Spine Crawler  
  172  11:33  Spine Crawler  
  172  11:34  Drone  
  172  11:35  Hatchery  
  171  11:58  Pneumatized Carapace  
  171  12:00  Overseer  
  171  12:01  Greater Spire  
  171  12:02  Corruptor x4  
  171  12:03  Corruptor  
  171  12:04  Corruptor  
  171  12:06  Drone x3  
  186  12:11  Spine Crawler  
  186  12:14  Spine Crawler  
  186  12:15  Spine Crawler  
  183  12:29  Zerg Ground Armor Level 2  
  183  12:40  Drone x2, Spine Crawler  
  183  12:41  Drone, Spine Crawler  
  183  12:42  Spine Crawler  
  183  12:46  Seismic Spines  
  183  12:48  Zerg Missile Weapons Level 3  
  183  12:50  Adrenal Glands  
  184  12:51  Zergling x8  
  184  12:52  Zergling x14  
  184  12:53  Drone x2, Zergling x2  
  184  12:54  Drone x2  
  199  13:09  Drone  
  200  13:14  Spine Crawler  
  200  13:15  Spine Crawler  
  187  13:43  Adaptive Talons  
  187  13:46  Brood Lord x2  
  187  13:47  Brood Lord x2  
  195  13:49  Brood Lord  
  176  14:17  Corruptor x2  
  176  14:18  Corruptor x6  
  176  14:20  Drone x3  
  195  14:26  Zerg Flyer Weapons Level 1  
  195  14:28  Ultralisk Cavern  
  194  14:31  Drone  
  195  14:39  Extractor x2  
  193  14:45  Zerg Melee Weapons Level 3  
  193  14:51  Hatchery  
  193  14:52  Hatchery  
  191  15:03  Lurker x3  
  191  15:05  Hydralisk  
  191  15:06  Hydralisk  
  198  15:07  Zergling x2  
  195  15:55  Overseer x3  
  182  17:04  Mutalisk  
  182  17:05  Mutalisk x7  
  198  17:09  Overlord x3  
  198  17:12  Anabolic Synthesis  
  194  17:25  Zergling x12  
  194  17:26  Zergling x2  
Tags
 
Add a new tag
Caveats
  • Supply blocks, unpowered buildings, or Contaminate may cause inaccurate times.
  • Supply counts are checked every 10 seconds.